[ AOE2 MATCH · #506294874 ]
UnrankedBritons vs Celts
Player's team · LOSS
Rival team · WIN
[ REPLAY ANALYSIS · EXTRACTED FROM THE RECORDED GAME ]
Feudal
9:21
Castle
20:34
Imperial
—
| APM avg | 61.1 |
| APM peak | 133 |
| eAPM avg | 21.5 |
| Villagers / military | 73 / 43 |
Focus
⚔️ 28.5% · 🌾 71.5%
Archer ×40 · Spearman ×2 · Skirmisher ×1
Feudal
13:30
Castle
18:57
Imperial
—
| APM avg | 58.4 |
| APM peak | 105 |
| eAPM avg | 21.7 |
| Villagers / military | 69 / 31 |
Focus
⚔️ 19.7% · 🌾 80.3%
Knight ×16 · Mangonel ×4 · Monk ×3 · Militia ×3 · Scout Cavalry ×3 · Scorpion ×2
Match map
Initial resources + every placement click. Lines = walls · curves = elevation contours. ◆ gold · ⬟ stone · ● berries · ✦ relic · ◌ wall gap
Your base· Open — opponent sealed themselves in
pigrandom's base· ✓ Closed at 18:57 · 30t walls · 1 gate(s)
Smoothed initial terrain · ◌ = detected wall gap · hover for details
Inputs per minute
— Seabriskets - - pigrandom
Build order — Seabriskets
First 150 of 168 actions detected
| 0:02 | Queue | Villager (Male) |
| 0:02 | Queue | Villager (Male) |
| 0:02 | Queue | Villager (Male) |
| 0:03 | Build | House |
| 0:04 | Build | House |
| 0:27 | Queue | Villager (Male) |
| 0:27 | Queue | Villager (Male) |
| 1:24 | Queue | Villager (Male) |
| 1:25 | Queue | Villager (Male) |
| 1:57 | Build | Lumber Camp |
| 1:58 | Queue | Villager (Male) |
| 2:09 | Queue | Villager (Male) |
| 2:58 | Queue | Villager (Male) |
| 2:58 | Queue | Villager (Male) |
| 2:59 | Queue | Villager (Male) |
| 3:25 | Queue | Villager (Male) |
| 3:25 | Queue | Villager (Male) |
| 3:35 | Build | House |
| 3:47 | Queue | Villager (Male) |
| 3:57 | Build | House |
| 4:18 | Build | Mill |
| 4:24 | Queue | Villager (Male) |
| 5:06 | Queue | Villager (Male) |
| 5:06 | Queue | Villager (Male) |
| 5:06 | Queue | Villager (Male) |
| 5:43 | Queue | Villager (Male) |
| 5:44 | Queue | Villager (Male) |
| 5:45 | Research | Loom |
| 7:08 | Research | Feudal Age |
| 8:00 | Build | Barracks |
| 8:07 | Build | House |
| 8:09 | Build | House |
| 8:11 | Build | House |
| 8:15 | Build | Palisade Wall |
| 9:00 | Queue | Villager (Male) |
| 9:21 | Age | Feudal Age |
| 9:24 | Queue | Villager (Male) |
| 9:27 | Build | Archery Range |
| 9:49 | Research | Double-Bit Axe |
| 9:57 | Queue | Villager (Male) |
| 10:17 | Queue | Spearman |
| 10:21 | Queue | Archer |
| 10:21 | Queue | Archer |
| 10:28 | Queue | Villager (Male) |
| 10:37 | Queue | Villager (Male) |
| 10:37 | Queue | Villager (Male) |
| 10:54 | Build | Mining Camp |
| 11:00 | Queue | Villager (Male) |
| 11:17 | Build | House |
| 11:21 | Build | Palisade Wall |
| 11:23 | Build | Palisade Wall |
| 11:32 | Build | Mill |
| 11:32 | Queue | Villager (Male) |
| 11:46 | Queue | Archer |
| 11:46 | Queue | Archer |
| 12:10 | Build | Farm |
| 12:10 | Build | Farm |
| 12:12 | Build | Farm |
| 12:13 | Build | Farm |
| 12:16 | Build | Farm |
| 12:17 | Queue | Villager (Male) |
| 12:48 | Queue | Villager (Male) |
| 12:51 | Queue | Archer |
| 13:08 | Queue | Villager (Male) |
| 13:12 | Build | Blacksmith |
| 13:17 | Queue | Villager (Male) |
| 13:20 | Build | Farm |
| 13:20 | Build | Farm |
| 13:28 | Queue | Villager (Male) |
| 13:38 | Build | Palisade Wall |
| 13:46 | Queue | Archer |
| 13:46 | Queue | Archer |
| 13:53 | Build | Farm |
| 13:54 | Build | Farm |
| 13:57 | Build | Farm |
| 14:45 | Queue | Villager (Male) |
| 14:46 | Queue | Archer |
| 14:51 | Build | Farm |
| 14:59 | Queue | Villager (Male) |
| 15:14 | Build | Market |
| 15:18 | Build | Palisade Wall |
| 15:22 | Queue | Villager (Male) |
| 15:40 | Build | Lumber Camp |
| 15:43 | Queue | Villager (Male) |
| 16:28 | Queue | Villager (Male) |
| 16:30 | Research | Fletching |
| 16:54 | Build | House |
| 16:55 | Queue | Villager (Male) |
| 17:10 | Build | Palisade Wall |
| 17:21 | Queue | Villager (Male) |
| 17:40 | Build | Palisade Wall |
| 17:43 | Build | Palisade Wall |
| 17:46 | Build | Palisade Wall |
| 17:54 | Research | Castle Age |
| 17:58 | Queue | Spearman |
| 18:20 | Queue | Archer |
| 18:20 | Queue | Archer |
| 18:25 | Build | Archery Range |
| 18:40 | Research | Horse Collar |
| 18:40 | Research | Horse Collar |
| 18:50 | Queue | Archer |
| 19:13 | Research | Padded Archer Armor |
| 19:14 | Queue | Villager (Male) |
| 19:46 | Queue | Archer ×2 |
| 19:52 | Build | Mining Camp |
| 20:17 | Build | House |
| 20:20 | Build | House |
| 20:33 | Queue | Archer |
| 20:33 | Queue | Archer |
| 20:33 | Queue | Archer |
| 20:34 | Age | Castle Age |
| 20:51 | Queue | Villager (Male) |
| 20:56 | Research | Crossbowman (upgrade) |
| 21:03 | Build | House |
| 21:16 | Queue | Archer |
| 21:17 | Queue | Archer |
| 21:27 | Build | House |
| 21:38 | Build | Farm |
| 21:39 | Queue | Villager (Male) |
| 21:39 | Queue | Villager (Male) |
| 21:39 | Queue | Villager (Male) |
| 21:45 | Research | Bodkin Arrow |
| 21:45 | Research | Bodkin Arrow |
| 21:53 | Build | Watch Tower |
| 22:04 | Research | Bow Saw |
| 22:05 | Queue | Villager (Male) ×2 |
| 22:09 | Queue | Archer |
| 22:28 | Build | House |
| 22:35 | Queue | Villager (Male) |
| 22:35 | Queue | Villager (Male) |
| 23:00 | Build | House |
| 23:01 | Build | House |
| 23:18 | Build | Town Center |
| 23:19 | Queue | Villager (Male) |
| 23:46 | Build | Watch Tower |
| 24:00 | Queue | Archer |
| 24:17 | Build | University |
| 24:27 | Build | House |
| 24:28 | Build | House |
| 24:54 | Queue | Villager (Male) ×5 |
| 24:55 | Queue | Villager (Male) |
| 25:23 | Research | Guard Tower (upgrade) |
| 25:31 | Queue | Archer ×4 |
| 26:30 | Queue | Villager (Male) ×5 |
| 26:32 | Build | Lumber Camp |
| 27:01 | Queue | Skirmisher |
| 27:04 | Queue | Villager (Male) ×2 |
| 27:06 | Build | House |
| 27:18 | Build | House |
| 27:27 | Queue | Archer ×2 |
Build order — pigrandom
First 150 of 167 actions detected
| 0:02 | Queue | Villager (Male) |
| 0:02 | Build | House |
| 0:03 | Build | House |
| 0:21 | Queue | Villager (Male) |
| 0:21 | Queue | Villager (Male) |
| 0:36 | Queue | Villager (Male) |
| 0:37 | Queue | Villager (Male) |
| 0:37 | Queue | Villager (Male) |
| 1:26 | Queue | Villager (Male) |
| 1:26 | Queue | Villager (Male) |
| 2:00 | Queue | Villager (Male) |
| 2:01 | Queue | Villager (Male) |
| 2:25 | Queue | Villager (Male) |
| 2:25 | Queue | Villager (Male) |
| 2:33 | Build | Lumber Camp |
| 2:53 | Queue | Villager (Male) |
| 2:53 | Queue | Villager (Male) |
| 2:57 | Queue | Villager (Male) |
| 2:57 | Queue | Villager (Male) |
| 3:35 | Queue | Villager (Male) |
| 3:36 | Queue | Villager (Male) |
| 4:01 | Build | House |
| 4:03 | Build | House |
| 4:19 | Queue | Villager (Male) |
| 4:19 | Queue | Villager (Male) |
| 4:19 | Queue | Villager (Male) |
| 4:19 | Queue | Villager (Male) |
| 5:10 | Build | Barracks |
| 5:34 | Queue | Villager (Male) |
| 5:34 | Queue | Villager (Male) |
| 5:34 | Queue | Villager (Male) |
| 5:34 | Queue | Villager (Male) |
| 6:02 | Queue | Militia |
| 6:12 | Build | Mill |
| 6:26 | Queue | Militia |
| 6:31 | Queue | Villager (Male) |
| 6:33 | Queue | Militia |
| 6:40 | Build | Palisade Wall |
| 6:43 | Build | Palisade Wall |
| 6:47 | Queue | Villager (Male) |
| 7:16 | Build | House |
| 7:19 | Build | Palisade Wall |
| 7:21 | Queue | Villager (Male) |
| 7:45 | Queue | Villager (Male) |
| 7:46 | Research | Loom |
| 7:50 | Build | House |
| 8:36 | Queue | Villager (Male) |
| 8:37 | Queue | Villager (Male) |
| 9:13 | Queue | Villager (Male) |
| 9:49 | Build | Palisade Wall |
| 10:05 | Queue | Villager (Male) |
| 10:06 | Queue | Villager (Male) |
| 10:25 | Build | Palisade Wall |
| 10:30 | Queue | Villager (Male) |
| 10:41 | Queue | Villager (Male) |
| 11:16 | Research | Feudal Age |
| 11:16 | Research | Feudal Age |
| 11:16 | Research | Feudal Age |
| 12:03 | Build | House |
| 12:10 | Build | Palisade Wall |
| 12:16 | Build | House |
| 12:32 | Build | Farm |
| 12:33 | Build | Farm |
| 12:37 | Build | Mining Camp |
| 12:53 | Build | Palisade Wall |
| 13:00 | Build | House |
| 13:06 | Queue | Villager (Male) |
| 13:06 | Queue | Villager (Male) |
| 13:30 | Age | Feudal Age |
| 13:32 | Build | House |
| 13:45 | Build | Market |
| 13:50 | Build | Stable |
| 13:59 | Research | Double-Bit Axe |
| 14:02 | Research | Gold Mining |
| 14:11 | Build | House |
| 14:29 | Queue | Villager (Male) |
| 14:54 | Build | Farm |
| 15:10 | Queue | Scout Cavalry |
| 15:14 | Queue | Scout Cavalry |
| 15:18 | Build | House |
| 15:19 | Build | House |
| 15:49 | Queue | Scout Cavalry |
| 16:17 | Research | Castle Age |
| 16:17 | Research | Castle Age |
| 16:44 | Queue | Villager (Male) |
| 17:31 | Build | Palisade Gate |
| 18:28 | Research | Horse Collar |
| 18:46 | Build | Blacksmith |
| 18:48 | Queue | Villager (Male) |
| 18:57 | Age | Castle Age |
| 19:05 | Build | Monastery |
| 19:08 | Queue | Knight |
| 19:08 | Queue | Knight |
| 19:24 | Queue | Villager (Male) |
| 19:45 | Build | Siege Workshop |
| 19:45 | Queue | Monk |
| 19:53 | Build | Farm |
| 19:56 | Build | Farm |
| 19:58 | Queue | Knight |
| 20:18 | Build | Outpost |
| 20:24 | Queue | Mangonel |
| 20:31 | Queue | Villager (Male) |
| 20:32 | Queue | Villager (Male) |
| 20:32 | Queue | Villager (Male) |
| 20:54 | Queue | Monk |
| 21:30 | Queue | Knight |
| 21:31 | Queue | Villager (Male) |
| 21:31 | Queue | Villager (Male) |
| 21:57 | Queue | Mangonel |
| 21:59 | Queue | Scorpion |
| 22:36 | Queue | Villager (Male) |
| 22:36 | Queue | Villager (Male) |
| 22:37 | Build | Farm |
| 22:38 | Build | Farm |
| 23:13 | Build | Farm |
| 23:14 | Build | Farm |
| 23:17 | Build | Farm |
| 23:17 | Build | Farm |
| 23:17 | Build | Farm |
| 23:17 | Build | Farm |
| 23:19 | Build | Lumber Camp |
| 23:45 | Queue | Scorpion |
| 23:49 | Queue | Knight |
| 23:55 | Queue | Knight |
| 24:00 | Build | Farm |
| 24:07 | Build | Outpost |
| 24:38 | Queue | Villager (Male) |
| 25:01 | Queue | Villager (Male) |
| 25:01 | Queue | Villager (Male) |
| 25:30 | Queue | Villager (Male) |
| 25:42 | Queue | Mangonel |
| 25:42 | Queue | Mangonel |
| 25:46 | Queue | Knight |
| 25:48 | Queue | Villager (Male) |
| 26:04 | Queue | Villager (Male) |
| 26:04 | Queue | Villager (Male) |
| 26:13 | Queue | Knight |
| 26:17 | Build | Farm |
| 26:18 | Build | Farm |
| 26:18 | Build | Farm |
| 26:18 | Build | Farm |
| 26:35 | Queue | Knight |
| 26:35 | Queue | Knight |
| 26:58 | Queue | Villager (Male) |
| 27:32 | Queue | Knight |
| 27:33 | Queue | Villager (Male) |
| 27:33 | Queue | Villager (Male) |
| 27:35 | Queue | Monk |
| 27:37 | Build | Farm |
| 27:39 | Queue | Villager (Male) |
Match timeline
| 5:10 | pigrandom · first_building Barracks |
| 6:40 | pigrandom · wall_segment Palisade Wall x1 |
| 6:43 | pigrandom · wall_segment Palisade Wall x1 |
| 7:19 | pigrandom · wall_segment Palisade Wall x4 |
| 8:00 | Seabriskets · first_building Barracks |
| 8:15 | Seabriskets · wall_segment Palisade Wall x1 |
| 9:21 | Seabriskets · age_up feudal |
| 9:27 | Seabriskets · first_building Archery Range |
| 9:49 | pigrandom · wall_segment Palisade Wall x10 |
| 10:25 | pigrandom · wall_segment Palisade Wall x13 |
| 11:21 | Seabriskets · wall_segment Palisade Wall x7 |
| 11:23 | Seabriskets · wall_segment Palisade Wall x5 |
| 12:10 | pigrandom · wall_segment Palisade Wall x1 |
| 12:53 | pigrandom · wall_segment Palisade Wall x1 |
| 13:30 | pigrandom · age_up feudal |
| 13:38 | Seabriskets · wall_segment Palisade Wall x1 |
| 13:50 | pigrandom · first_building Stable |
| 14:32 | pigrandom · first_market_sell 100 stone |
| 14:35 | pigrandom · first_market_buy 100 food |
| 15:18 | Seabriskets · wall_segment Palisade Wall x8 |
| 17:10 | Seabriskets · wall_segment Palisade Wall x8 |
| 17:24 | Seabriskets · first_market_buy 100 food |
| 17:40 | Seabriskets · wall_segment Palisade Wall x9 |
| 17:43 | Seabriskets · wall_segment Palisade Wall x6 |
| 17:46 | Seabriskets · wall_segment Palisade Wall x14 |
| 18:57 | pigrandom · age_up castle |
| 19:05 | pigrandom · first_building Monastery |
| 19:45 | pigrandom · first_building Siege Workshop |
| 20:34 | Seabriskets · age_up castle |
| 20:53 | Seabriskets · first_market_sell 100 wood |
| 30:05 | Seabriskets · resign |
[ AI ANALYSIS · 1 CREDIT ]
What really happened in this match?
Wolo.gg analyzes every decision: build order, eco, micro, common mistakes by bracket. Personalized analysis on WhatsApp or Discord in 30 seconds.
Civ guide
Britons
Perfil
Seabriskets